 Dungeon Crawl Stone Soup version 0.22.1-1-ga44c0e56f4 (webtiles) character file.

213763 pyumi the Hoplite (level 18, 0/226 HPs)
             Began as a Minotaur Berserker on Nov 11, 2018.
             Was a High Priest of Trog.
             Killed by vampiric draining
             ... invoked by a deep elf death mage
             ... led by an ironheart preserver
              (22 damage)
             ... on level 2 of the Vaults.
             The game lasted 01:03:03 (32530 turns).

pyumi the Hoplite (Minotaur Berserker)             Turns: 32530, Time: 01:03:04

Health: 0/226      AC: 26    Str: 38    XL:     18   Next: 28%
Magic:  17/17      EV: 16    Int:  9    God:    Trog [*****.]
Gold:   1494       SH: 30    Dex: 10    Spells: 17/17 levels left

rFire    + . .     SeeInvis .   N - +10 mace "Gram" {venom, Fragile rPois Int+5}
rCold    + + .     Gourm    .   I - +4 large shield of Ofust {Str+3 Slay+3}
rNeg     . . .     Faith    .   V - +4 plate armour {rC+}
rPois    +         Spirit   .   (helmet restricted)
rElec    .         Reflect  .   l - scarf {rC+ rF+}
rCorr    .         Harm     .   j - +2 pair of gloves
MR       +....                  A - +2 pair of boots
Stlth    ..........             (no amulet)
HPRegen  0.47/turn              X - +5 ring of evasion
MPRegen  0.15/turn              P - ring of Alaeret {EV-2 Slay+3} (curse)

@: berserking, heavily drained, very quick
A: retaliatory headbutt, horns 2
}: 1/15 runes: serpentine
a: Berserk, Trog's Hand, Brothers in Arms, Renounce Religion


You were on level 2 of the Vaults.
You worshipped Trog.
Trog was extremely pleased with you.
You were not hungry.

You visited 5 branches of the dungeon, and saw 29 of its levels.

You collected 2791 gold pieces.
You spent 1297 gold pieces at shops.

Inventory:

Hand Weapons
 e - a +2 eveningstar of venom
 i - a +5 antimagic demon whip
 N - the +10 mace "Gram" (weapon) {venom, Fragile rPois Int+5}
   (You found it on level 9 of the Dungeon)

   It poisons the flesh of those it strikes.
   It affects your intelligence (+5).
   It protects you from poison.
   It will be destroyed if unequipped.
Armour
 j - a +2 pair of gloves (worn)
 l - a scarf of resistance (worn)
 A - a +2 pair of boots (worn)
 I - the +4 large shield of Ofust (worn) {Str+3 Slay+3}
   (You found it on level 9 of the Dungeon)

   It affects your strength (+3).
   It affects your accuracy and damage with ranged weapons and melee attacks
   (+3).
 V - a +4 plate armour of cold resistance (worn)
Jewellery
 a - a +4 ring of dexterity
 x - a +4 ring of strength
 C - an uncursed ring of see invisible
 G - an uncursed ring of ice
 P - the cursed ring of Alaeret (right hand) {EV-2 Slay+3}
   (You bought it in a shop on level 2 of the Orcish Mines)

   [ring of evasion]

   It affects your evasion (-2).
   It affects your accuracy and damage with ranged weapons and melee attacks
   (+3).
   It has a curse placed upon it.
 X - a +5 ring of evasion (left hand)
Wands
 b - a wand of iceblast (6)
 d - a wand of flame (28)
 f - a wand of scattershot (7)
 h - a wand of random effects (42)
 n - a wand of acid (6)
 q - a wand of paralysis (7)
 W - a wand of digging (25)
Scrolls
 r - 19 scrolls of remove curse
 s - 2 scrolls of random uselessness
 w - 3 scrolls of teleportation
 y - 10 scrolls of amnesia
 B - 2 scrolls of fog
 D - 2 scrolls of blinking
 H - 2 scrolls of torment
 K - 2 scrolls of magic mapping
 L - 2 scrolls of silence
 M - 2 scrolls of enchant weapon
 S - 2 scrolls of summoning
Potions
 g - 2 potions of degeneration
 k - 6 potions of curing
 m - 8 potions of flight
 o - 7 potions of lignification
 p - 2 potions of ambrosia
 t - 6 potions of brilliance
 v - 3 potions of haste
 z - a potion of invisibility {unknown}
 R - 2 potions of mutation
 T - a potion of berserk rage
Comestibles
 c - 15 rations


   Skills:
 - Level 11.4(8.7) Fighting
   Level 10.6(10.2) Axes
 - Level 12.6(11.1) Maces & Flails
 - Level 15.6(12.6) Armour
 - Level 14.4(11.5) Dodging
 + Level 24.5(20.9) Shields


You had 17 spell levels left.
You didn't know any spells.
Your spell library was empty.

Dungeon Overview and Level Annotations

Branches:
Dungeon (15/15)            Temple (0/1) D:4            Lair (6/6) D:11
 Shoals (0/4) Lair:2        Snake (4/4) Lair:4        Slime (0/5) Lair:5
    Orc (2/2) D:12            Elf (0/3) Orc:2        Vaults (2/5) D:14
 Depths (0/5) D:15
  Crypt: Vaults:2-3

Altars:
Cheibriados
Dithmenos
Fedhas
Hepliaklqana
Makhleb
Nemelex Xobeh
Okawaru
Qazlal
Ru
Sif Muna
Uskayaw
Vehumet
Xom
Yredelemnul
Zin
The Shining One
Beogh

Shops:
D:8 [   Orc:2 =[(*

Annotations:
D:6 exclusion: statue
Lair:1 exclusion: oklob plant


Innate Abilities, Weirdness & Mutations

You reflexively headbutt those who attack you in melee.
You have a pair of horns on your head.


Message History

The deep elf death mage is heavily wounded.
The deep elf death mage beckons forth a restless soul!
You barely miss the deep elf death mage.
You headbutt the deep elf death mage!!
The deep elf death mage is almost dead.
Your shield and plate armour prevent you from hitting the deep elf death mage.
You headbutt the deep elf death mage!
The deep elf death mage is almost dead.
You block the deep elf death mage's attack.
You block the deep elf mage's attack.
The deep elf death mage beckons forth a restless soul!
Unknown command.
You completely miss the deep elf death mage.
Your headbutt misses the deep elf death mage.
The deep elf death mage is almost dead.
You barely miss the deep elf death mage.
Your headbutt misses the deep elf death mage.
The deep elf death mage is almost dead.
The deep elf death mage is infused with unholy energy.
You die...

########
#......#
#......#
#......#
#..<...#
#.....*#
#*.@...#
#.ee...#
#.)e...#
##*#####
#....)...#
#........#
#........#
#........#
#........#


You could see 2 deep elf death magi, a deep elf mage and 3 lost souls.

Vanquished Creatures
  Saint Roka (Orc:2)
  8 nagarajas
  A vault warden (Vaults:1)
  2 orc warlords (Orc:2)
  5 ironheart preservers
  A stone giant (Orc:2)
  A deep elf demonologist (Vaults:1)
  The ghost of KleinerIrrer the Black Belt, a journeyman OpFi of Okawaru (Orc:2)
  4 deep elf annihilators
  A minotaur (Orc:2)
  2 fire dragons
  Fannar (Lair:3)
  A rakshasa (Vaults:1)
  A great orb of eyes (Vaults:1)
  A yaktaur captain (Vaults:1)
  6 hydras
  2 ice dragons
  8 naga warriors
  4 vault guards (D:14)
  A death knight (D:13)
  2 catoblepae
  23 anacondas
  2 centaur warriors
  14 two-headed ogres
  3 ogre magi
  3 tengu warriors
  4 death yaks (Lair:4)
  An orc high priest (Orc:2)
  10 naga sharpshooters
  7 shock serpents
  2 deep elf knights
  A salamander mystic (Snake:3)
  3 skeletal warriors (D:15)
  8 naga ritualists
  3 deep trolls (Vaults:1)
  3 wizards
  2 unseen horrors
  4 deep elf archers (Vaults:1)
  6 orc knights
  28 ugly things
  2 wolf spiders (Vaults:1)
  7 cyclopes
  11 mana vipers
  An oklob plant (Lair:5)
  6 deep elf magi
  3 manticores
  An orc sorcerer (Orc:2)
  6 salamanders
  Maurice (D:12)
  2 torpor snails (Lair:6)
  10 guardian serpents
  3 vault sentinels (Vaults:1)
  26 black mambas
  A gargoyle (D:12)
  17 naga magi
  8 centaur skeletons
  25 spiny frogs
  A rime drake (Lair:1)
  9 komodo dragons
  12 yaktaurs (Vaults:1)
  3 meliai (D:13)
  A meliai (shapeshifter) (D:12)
  A tengu conjurer (D:15)
  A hornet (D:14)
  5 polar bears
  6 trolls
  4 tyrant leeches (Lair:6)
  A raiju (shapeshifter) (D:15)
  Prince Ribbit (D:5)
  20 slime creatures
  9 hippogriffs
  22 blink frogs
  13 dream sheep
  Sigmund (D:2)
  46 yaks
  Eustachio (D:5)
  3 hogs (D:8)
  A human (D:8)
  2 basilisks
  4 wyverns
  5 wraiths
  2 steam dragons
  6 vampire mosquitoes (Lair:6)
  5 hungry ghosts
  5 wargs
  43 nagas
  16 water moccasins
  A soldier ant (D:14)
  42 orc warriors
  A meliai simulacrum (D:15)
  6 porcupines
  2 black bears (D:7)
  4 sky beasts
  2 ice beasts (D:14)
  14 ogres
  3 phantoms
  3 wolves (Lair:2)
  An eye of draining (D:11)
  4 boggarts (D:14)
  11 crocodiles
  10 centaurs
  A big kobold (D:13)
  26 bullfrogs
  A wyvern zombie (D:8)
  3 wyvern skeletons
  4 scorpions
  11 killer bees
  3 electric eels
  5 wights (D:12)
  4 howler monkeys
  6 crimson imps
  4 hounds
  A lava snake (Lair:3)
  2 bullfrog zombies (D:13)
  3 centaur zombies
  3 jellies
  22 orc priests
  3 bullfrog skeletons
  36 orc wizards
  3 iguanas
  7 worker ants
  A killer bee zombie (D:5)
  A hound skeleton (D:5)
  A gnoll (D:1)
  13 adders
  2 shadow imps
  An adder zombie (D:6)
  2 worms
  2 dart slugs
  2 leopard geckos
  115 orcs
  4 bats
  5 giant cockroaches
  17 goblins
  3 hobgoblins
  24 jackals
  2 quokkas
  4 frilled lizards
  5 kobolds
  3 rats
1019 creatures vanquished.

Vanquished Creatures (collateral kills)
  A nagaraja (Snake:4)
  A deep elf demonologist (Vaults:1)
  A centaur warrior (Vaults:1)
  2 anacondas (Snake:4)
  A shock serpent (Snake:4)
  A deep elf mage (Vaults:1)
  An ugly thing (Vaults:1)
  2 nagas (Snake:4)
  2 orc warriors (Orc:2)
  3 centaurs (Vaults:1)
  2 orc priests (Orc:2)
  2 orcs (Orc:2)
19 creatures vanquished.

Vanquished Creatures (others)
  A naga warrior (Snake:3)
  An unseen horror (D:14)
  2 orc wizards (D:12)
  4 orcs (D:12)
  6 fungi
  47 plants (Lair:6)
61 creatures vanquished.

Grand Total: 1099 creatures vanquished

Notes
Turn   | Place    | Note
-------+----------+-------------------------------------------
     0 | D:1      | pyumi the Minotaur Berserker began the quest for the Orb.
     0 | D:1      | Reached XP level 1. HP: 19/19 MP: 0/0
    56 | D:1      | Reached XP level 2. HP: 26/27 MP: 1/1
   307 | D:1      | Reached XP level 3. HP: 21/33 MP: 2/2
   586 | D:2      | Found a glowing golden altar of the Shining One.
   924 | D:2      | Noticed Sigmund
   932 | D:2      | Killed Sigmund
   932 | D:2      | Reached skill level 5 in Fighting
   932 | D:2      | Reached skill level 5 in Axes
   932 | D:2      | Reached XP level 4. HP: 42/42 MP: 3/3
   932 | D:2      | Reached XP level 5. HP: 48/48 MP: 4/4
  1167 | D:3      | Reached ** piety under Trog
  1389 | D:3      | Reached XP level 6. HP: 46/56 MP: 5/5
  1582 | D:3      | Found a basalt altar of Yredelemnul.
  1649 | D:3      | Found a burning altar of Makhleb.
  1651 | D:3      | Noticed a blizzard demon
  2029 | D:4      | Found a staircase to the Ecumenical Temple.
  3185 | D:5      | Entered Level 5 of the Dungeon
  3186 | D:5      | Noticed Eustachio
  3204 | D:5      | Killed Eustachio
  3204 | D:5      | Reached XP level 7. HP: 48/64 MP: 6/6
  3217 | D:5      | Reached *** piety under Trog
  3405 | D:5      | Reached skill level 5 in Armour
  3724 | D:5      | Found a hide-covered altar of Uskayaw.
  3724 | D:5      | Found a snail-covered altar of Cheibriados.
  3724 | D:5      | Found a deep blue altar of Sif Muna.
  3858 | D:5      | Found a blossoming altar of Fedhas.
  3888 | D:5      | Found a stormy altar of Qazlal.
  3938 | D:5      | Reached XP level 8. HP: 40/73 MP: 7/7
  4279 | D:5      | Noticed Prince Ribbit
  4283 | D:5      | Killed Prince Ribbit
  4626 | D:6      | Reached skill level 5 in Dodging
  4634 | D:6      | Found a radiant altar of Vehumet.
  4795 | D:6      | Reached **** piety under Trog
  5154 | D:6      | Found a sparkling altar of Nemelex Xobeh.
  5158 | D:6      | Reached XP level 9. HP: 70/83 MP: 8/8
  5413 | D:6      | Found a shadowy altar of Dithmenos.
  5645 | D:6      | You fall through a shaft!
  6331 | D:7      | Found a shimmering altar of Xom.
  6523 | D:8      | Found a hazy altar of Hepliaklqana.
  6540 | D:8      | Noticed a two-headed ogre
  6548 | D:8      | Killed a two-headed ogre
  6548 | D:8      | Reached skill level 10 in Fighting
  6933 | D:8      | Reached skill level 10 in Axes
  7252 | D:8      | Reached skill level 1 in Shields
  7252 | D:8      | Reached XP level 10. HP: 39/94 MP: 9/9
  7689 | D:8      | Reached skill level 2 in Shields
  7901 | D:8      | Reached skill level 3 in Shields
  7908 | D:8      | Reached skill level 4 in Shields
  7970 | D:8      | Found Waadwam's Armour Emporium.
  7988 | D:8      | Found a glowing silver altar of Zin.
  8470 | D:9      | Reached ***** piety under Trog
  8639 | D:9      | Found a sacrificial altar of Ru.
  8812 | D:9      | Got a scorched large shield
  8823 | D:9      | Identified the +4 large shield of Ofust {Str+3 Slay+3} (You
                  | found it on level 9 of the Dungeon)
  9109 | D:10     | Entered Level 10 of the Dungeon
  9201 | D:10     | Reached skill level 5 in Shields
  9298 | D:10     | Reached skill level 6 in Shields
  9731 | D:9      | Got a dazzling mace
  9732 | D:9      | Identified the +10 mace "Gram" {venom, Fragile rPois Int+5}
                  | (You found it on level 9 of the Dungeon)
  9864 | D:11     | Reached skill level 1 in Maces & Flails
  9921 | D:11     | Reached skill level 7 in Shields
  9936 | D:11     | Reached XP level 11. HP: 84/102 MP: 10/10
  9954 | D:11     | Found a staircase to the Lair.
 10018 | D:11     | Reached skill level 8 in Shields
 10463 | Lair:1   | Entered Level 1 of the Lair of Beasts
 10628 | Lair:1   | Reached skill level 9 in Shields
 10647 | Lair:1   | Received a gift from Trog
 10695 | Lair:1   | Reached skill level 5 in Maces & Flails
 10709 | Lair:1   | Reached skill level 10 in Shields
 10914 | Lair:1   | Noticed an oklob plant
 10974 | Lair:1   | Noticed a four-headed hydra
 10981 | Lair:1   | Killed a four-headed hydra
 10981 | Lair:1   | Reached skill level 11 in Shields
 11287 | Lair:2   | Reached XP level 12. HP: 60/110 MP: 11/11
 11457 | Lair:2   | Received a gift from Trog
 11457 | Lair:2   | Reached skill level 12 in Shields
 11460 | Lair:2   | Got a bloodstained broad axe {god gift}
 11461 | Lair:2   | Identified the +2 broad axe of Ries {freeze, rPois} (Trog
                  | gifted it to you on level 2 of the Lair of Beasts)
 11610 | Lair:2   | Found a staircase to the Shoals.
 12103 | Lair:3   | Noticed an eight-headed hydra
 12107 | Lair:3   | Killed an eight-headed hydra
 12294 | Lair:3   | Noticed Fannar
 12307 | Lair:3   | Killed Fannar
 12307 | Lair:3   | Reached skill level 13 in Shields
 12733 | Lair:3   | Noticed a fire dragon
 12761 | Lair:3   | Killed a fire dragon
 13311 | Lair:4   | Found a dark tunnel.
 13319 | Lair:4   | Found a staircase to the Snake Pit.
 13478 | Lair:4   | Noticed a death yak
 13479 | Lair:4   | Noticed a death yak
 13480 | Lair:4   | Noticed a death yak
 13481 | Lair:4   | Noticed a death yak
 13490 | Lair:4   | Killed a death yak
 13490 | Lair:4   | Reached skill level 14 in Shields
 13500 | Lair:4   | Killed a death yak
 13509 | Lair:4   | Killed a death yak
 13516 | Lair:4   | Killed a death yak
 13570 | Lair:4   | Reached skill level 10 in Maces & Flails
 14239 | Lair:5   | Reached skill level 15 in Shields
 14317 | Lair:5   | Reached XP level 13. HP: 106/116 MP: 12/12
 14393 | Lair:5   | Found a staircase to the Slime Pits.
 14833 | Lair:6   | Entered Level 6 of the Lair of Beasts
 15021 | Lair:6   | Received a gift from Trog
 15068 | Lair:6   | Reached skill level 16 in Shields
 15503 | Lair:6   | Reached skill level 17 in Shields
 15543 | Lair:6   | Received a gift from Trog
 15811 | Lair:6   | Reached XP level 14. HP: 111/124 MP: 13/13
 16430 | D:12     | Reached skill level 18 in Shields
 16717 | D:12     | Noticed Maurice
 16756 | D:12     | Killed Maurice
 17003 | D:12     | Found a staircase to the Orcish Mines.
 17017 | Orc:1    | Entered Level 1 of the Orcish Mines
 17067 | Orc:2    | Entered Level 2 of the Orcish Mines
 17909 | Orc:2    | Received a gift from Trog
 18521 | Orc:2    | Noticed an orc warlord
 18548 | Orc:2    | Killed an orc warlord
 18643 | Orc:2    | Found a roughly hewn altar of Beogh.
 18734 | Orc:2    | Found a roughly hewn altar of Beogh.
 18792 | Orc:2    | Found a roughly hewn altar of Beogh.
 18793 | Orc:2    | Found Pesonoux's General Store.
 18926 | Orc:2    | Found a roughly hewn altar of Beogh.
 18980 | Orc:2    | Noticed an orc warlord
 18985 | Orc:2    | Received a gift from Trog
 18999 | Orc:2    | Killed an orc warlord
 19189 | Orc:2    | Noticed a stone giant
 19204 | Orc:2    | Killed a stone giant
 19229 | Orc:2    | Found a runed gate.
 19229 | Orc:2    | Found a runed gate.
 19229 | Orc:2    | Found a runed gate.
 19229 | Orc:2    | Found an iron altar of Okawaru.
 19229 | Orc:2    | Noticed KleinerIrrer's ghost (journeyman OpFi)
 19251 | Orc:2    | Reached skill level 10 in Armour
 19255 | Orc:2    | Killed KleinerIrrer's ghost
 19585 | Orc:2    | Noticed Saint Roka
 19748 | Orc:2    | Found a staircase to the Elven Halls.
 20153 | Orc:2    | Killed Saint Roka
 20153 | Orc:2    | Reached skill level 19 in Shields
 20185 | Orc:2    | Found Poemnam's Antique Weapon Shop.
 20227 | Orc:2    | Found a roughly hewn altar of Beogh.
 20242 | Orc:2    | Found Diyjaq's Jewellery Emporium.
 20247 | Orc:2    | Bought a +4 ring of strength for 324 gold pieces
 20247 | Orc:2    | Bought the cursed ring of Alaeret {EV-2 Slay+3} for 193
                  | gold pieces
 20300 | Orc:2    | Found a roughly hewn altar of Beogh.
 20323 | Orc:2    | Found Qocuudum's Antique Armour Boutique.
 20324 | Orc:2    | Found a roughly hewn altar of Beogh.
 20338 | Orc:2    | Bought a glowing plate armour for 780 gold pieces
 20373 | Orc:2    | Found a roughly hewn altar of Beogh.
 20381 | Orc:2    | Reached skill level 10 in Dodging
 21114 | D:13     | Got a brightly glowing hand axe
 21266 | D:13     | Reached XP level 15. HP: 92/130 MP: 14/14
 21485 | D:13     | Identified the +9 hand axe "Yteijily" {protect, +Fly Int+4}
                  | (You found it on level 13 of the Dungeon)
 22079 | D:14     | Found a gate to the Vaults.
 22157 | D:14     | Received a gift from Trog
 22192 | D:14     | Reached ****** piety under Trog
 22511 | D:14     | Found a sacrificial altar of Ru.
 22817 | D:15     | Entered Level 15 of the Dungeon
 23296 | D:15     | Paralysed by a wizard for 4 turns
 23330 | D:15     | Received a gift from Trog
 23520 | D:15     | Found a staircase to the Depths.
 24128 | Snake:1  | Entered Level 1 of the Snake Pit
 24620 | Snake:1  | Reached XP level 16. HP: 138/138 MP: 15/15
 25974 | Snake:3  | Received a gift from Trog
 26118 | Snake:3  | Reached skill level 20 in Shields
 27235 | Snake:3  | Reached skill level 15 in Armour
 27802 | Snake:4  | Entered Level 4 of the Snake Pit
 28123 | Snake:4  | Received a gift from Trog
 29048 | Snake:4  | Reached XP level 17. HP: 143/144 MP: 16/16
 29130 | Snake:4  | Reached skill level 21 in Shields
 29293 | Snake:4  | Received a gift from Trog
 29869 | Snake:4  | Reached skill level 22 in Shields
 30267 | Snake:4  | Got a serpentine rune of Zot
 30649 | Vaults:1 | Entered Level 1 of the Vaults
 30840 | Vaults:1 | Received a gift from Trog
 30880 | Vaults:1 | Paralysed by a centaur for 4 turns
 30951 | Vaults:1 | Reached skill level 23 in Shields
 31578 | Vaults:1 | Reached XP level 18. HP: 93/151 MP: 17/17
 31863 | Vaults:1 | Reached skill level 24 in Shields
 32530 | Vaults:2 | Killed from afar by a deep elf death mage

Skill      XL: |  1  2  3  4  5  6  7  8  9 10 11 12 13 14 15 16 17 18 |
---------------+-------------------------------------------------------+-----
Fighting       | 4 5 6 7 9 10 11 | 11.4
Axes           | 4 5 6 7 8 10 | 10.6
Armour         | 3 4 5 6 7 8 11 13 15 | 15.6
Dodging        | 3 4 5 6 7 10 12 14 | 14.4
Shields        | 1 7 11 15 17 19 20 23 24 | 24.5
Maces & Flails | 1 7 10 12 | 12.6

Action                   |  1- 3 |  4- 6 |  7- 9 | 10-12 | 13-15 | 16-18 || total
-------------------------+-------+-------+-------+-------+-------+-------++-------
Melee: Hand axe          |    46 |    82 |   242 |   183 |       |       ||   553
       Headbutt          |     5 |    14 |    56 |   145 |   395 |   323 ||   938
       War axe           |       |    22 |    17 |       |       |       ||    39
       Mace              |       |       |       |   397 |  1349 |  1088 ||  2834
Invok: Berserk           |     1 |     1 |     3 |     1 |    10 |     9 ||    25
       Trog's Hand       |       |       |       |     2 |    15 |    10 ||    27
       Brothers in Arms  |       |       |       |       |     1 |     3 ||     4
  Use: Scroll            |     2 |     6 |     4 |     7 |    16 |    13 ||    48
       Potion            |     2 |       |     1 |     3 |     7 |     3 ||    16
 Stab: Petrified         |       |       |       |       |    12 |       ||    12
       Distracted        |       |       |       |       |       |     1 ||     1
  Eat: Ration            |       |     3 |     4 |     8 |    17 |    11 ||    43
       Chunk             |       |     4 |       |       |     2 |     1 ||     7
Armor: Leather armour    |    11 |    20 |    56 |    35 |       |       ||   122
       Chain mail        |       |       |       |   118 |    59 |       ||   177
       Plate armour      |       |       |       |       |   268 |   228 ||   496
Dodge: Dodged            |    32 |    63 |   173 |   171 |   186 |   273 ||   898
Block: Buckler           |       |       |     1 |    21 |       |       ||    22
       Large shield      |       |       |       |   461 |  1433 |  1415 ||  3309
